 Dungeon Crawl Stone Soup version 0.30-a0-272-gf98c3da03f (webtiles) character file.

Game seed: 13649809655148432501

16 bande the Shield-Bearer (level 2, 24/24 HPs)
             Began as a Formicid Fighter on Oct 14, 2022.
             Quit the game on level 1 of the Dungeon on Oct 15, 2022.
             The game lasted 00:01:21 (265 turns).

bande the Shield-Bearer (Formicid Fighter)           Turns: 265, Time: 00:01:22

Health: 24/24      AC:  6    Str: 20    XL:     2   Next: 75%
Magic:  2/2        EV:  9    Int:  7    God:
Gold:   15         SH:  5    Dex: 13    Spells: 1/1 levels left

rFire   . . .      SeeInvis +    a - +0 war axe
rCold   . . .      Faith    .    c - +0 buckler
rNeg    . . .      Spirit   .    b - +0 scale mail
rPois   .          Reflect  .    (helmet unavailable)
rElec   .          Harm     .    (no cloak)
rCorr   .          Rampage  .    (no gloves)
Will    .....                    (no boots)
Stlth   ..........               e - amulet of regeneration
HPRegen 1.04/turn                (no ring)
MPRegen 0.08/turn                (no ring)

@: no status effects
A: permanent stasis, dig shafts and tunnels, antennae 3, four strong arms
a: Dig, Shaft Self


You were on level 1 of the Dungeon.
You visited 1 branch of the dungeon, and saw 1 of its levels.

You collected 15 gold pieces.

Inventory:

Hand Weapons
 a - a +0 war axe (weapon)
Armour
 b - a +0 scale mail (worn)
 c - a +0 buckler (worn)
Jewellery
 e - an amulet of regeneration (around neck)
Scrolls
 f - a scroll of fog {unknown}
Potions
 d - a potion of might


   Skills:
 + Level 3.5 Fighting
 + Level 2.2 Axes
 + Level 3.5 Armour
 - Level 0.3 Dodging
 + Level 4.2 Shields


You had one spell level left.
You didn't know any spells.
Your spell library was empty.

Dungeon Overview and Level Annotations

Branches:
Dungeon (1/15)

Altars:


Innate Abilities, Weirdness & Mutations

You cannot be hasted, slowed, berserked, paralysed or teleported.
You can dig through walls and to a lower floor.
You have a pair of large antennae on your head. (SInv)
Your four strong arms can wield two-handed weapons with a shield.


Message History

No target in view!
No target in view!
You see here a bat corpse.
Found a stone staircase leading down.
Found a chain mail.
No target in view!
A goblin and a hobgoblin come into view.
The goblin shouts!
A ball python comes into view.
The ball python hisses angrily.
You closely miss the ball python. You hit the hobgoblin.
The hobgoblin hits you but does no damage.
The ball python bites you but does no damage.
The ball python grabs you. The ball python constricts you.
The hobgoblin hits you but does no damage.
You slash the ball python!
You kill the ball python!
You hit the hobgoblin. The hobgoblin barely misses you.
You closely miss the hobgoblin.
The hobgoblin is severely wounded.
A ball python comes into view.
The hobgoblin hits you but does no damage.
The ball python moves out of view.
You barely miss the hobgoblin.
The hobgoblin is severely wounded.
You slash the goblin!
You kill the goblin!
The hobgoblin closely misses you. x2
You hit the hobgoblin.
You kill the hobgoblin!
No target in view!
No target in view!
No target in view!
No target in view!
No target in view!
No target in view!
No target in view!
You see here a +0 chain mail.
Unknown command.
Are you sure you want to abandon this character and quit the game? (Confirm with "yes".)

#####.####.###########
...........###........
#####.#........#######
#....#.#####...#
#..#.....†.....#
##...#..####.).####
##.##..#....>....#.
#.##..#...........
#.##..#...@..$..#.
#..####........ ...#
#...#####.. ######
#..# #...# .# ......
##.## .# ###### .# ##.
## .# #.. ..
######.######## .#
..#.........#..#


There were no monsters in sight!

Vanquished Creatures
  2 bats (D:1)
  An endoplasm (D:1)
  4 goblins (D:1)
  4 hobgoblins (D:1)
  A ball python (D:1)
  A kobold (D:1)
  A rat (D:1)
14 creatures vanquished.

Notes
Turn   | Place    | Note
-------+----------+-------------------------------------------
     0 | D:1      | bande the Formicid Fighter began the quest for the Orb.
     0 | D:1      | Reached XP level 1. HP: 18/18 MP: 1/1
   109 | D:1      | Reached XP level 2. HP: 24/24 MP: 2/2
   146 | D:1      | Upgraded the game from 0.30-a0-269-gf0224bf7b6 to
                  | 0.30-a0-272-gf98c3da03f
   265 | D:1      | Quit the game

Illustrated notes

Levels and vault maps discovered:
D:1:      matt_arrival_grand_opening, layout_loops_ring, basic_ecumenical_altar

Action                   || total
-------------------------++-------
Melee: War axe           ||    36
Armor: Scale mail        ||    15
Dodge: Dodged            ||    19
Block: Buckler           ||    11

Table legend: (Time is in decaauts)
 A = Elapsed time spent in this place.
 B = Non-inter-level travel time spent in this place.
 C = Inter-level travel time spent in this place.
 D = Time resting spent in this place.
 E = Time spent auto-exploring this place.
 F = Levels seen in this place.
 G = Mean time per level.
                   A        B        C        D        E       F      G
               +--------+--------+--------+--------+--------+-----+--------+
         Total |    279 |    279 |      0 |      0 |    123 |   1 |  279.0 |
       Dungeon |    279 |    279 |      0 |      0 |    123 |   1 |  279.0 |
               +--------+--------+--------+--------+--------+-----+--------+

Top non-repeatable levels by time:
     D:1: 279 daAuts
